AoeStats
← yanghero

Arabia

510533502Analyzed
1v1 RM · 19h ago on Oct 1, 2026· 58m 9s· 2 players
Game mode
Random Map
Map size
Tiny (2 player)
Population
200
Speed
Normal
Resources
Standard
Victory
Conquest
Starting age
Dark Age
Ending age
Imperial Age
RankedLock teamsTeams togetherTeam positionsShared explorationLock speedFull tech treeHidden civsTurbo modeCheats
Victory
Defeat
🇨🇳 Spanish · China
778
+18
🇹🇼 Britons · Taiwan
818
-18
crazypig
10:01 Feudal Age
10:27 Double-Bit Axe
16:14 Horse Collar
20:41 Castle Age
22:19 Bow Saw
22:20 Heavy Plow
22:30 Husbandry
23:33 Fervor
24:23 Bloodlines
25:37 Forging
25:33 Scale Barding Armor
27:34 Gold Mining
29:24 Wheelbarrow
29:38 Iron Casting
31:45 Ballistics
31:49 Chain Barding Armor
32:25 Hand Cart
32:49 Fletching
33:33 Bodkin Arrow
33:40 Padded Archer Armor
34:41 Town Watch
34:46 Loom
37:48 Imperial Age
39:01 Conscription
38:58 Elite Conquistador
39:06 Cavalier
39:57 Bracer
40:13 Leather Archer Armor
41:58 Chemistry
42:11 Blast Furnace
41:47 Plate Barding Armor
41:23 Onager
43:10 Ring Archer Armor
45:12 Paladin
yanghero
8:23 Loom
10:08 Feudal Age
11:13 Double-Bit Axe
18:10 Padded Archer Armor
19:14 Horse Collar
24:29 Castle Age
24:14 Gold Mining
24:16 Stone Mining
24:38 Crossbowman
25:31 Bow Saw
25:17 Fletching
26:33 Gold Shaft Mining
26:41 Leather Archer Armor
35:34 Imperial Age
33:40 Treadmill Crane
34:21 Ballistics
34:06 Siphons
33:59 Bodkin Arrow
34:06 Squires
34:08 Elite Skirmisher
34:11 Pikeman
35:42 Wheelbarrow
35:50 Arbalester
37:02 Ring Archer Armor
36:54 Bracer
38:28 Warwolf
39:34 Two-Man Saw
39:40 Chemistry
40:13 Masonry
40:21 Hand Cart
42:31 Scale Mail Armor
42:42 Forging
42:18 Halberdier
44:19 Chain Mail Armor
44:40 Iron Casting
46:20 Siege Engineers
46:47 Architecture
47:17 Plate Mail Armor
47:49 Blast Furnace
53:20 Conscription
53:36 Hoardings
53:23 Yeomen
55:14 Elite Longbowman
55:52 Elite Longbowman
Connection lost

Rejoining the realm…

Still unreachable

The connection could not be restored.

Session expired

The server has moved on; the page needs a fresh start.